cohdb
Replays
Latest Replays
All Replays
Popular Replays
Top Player Replays
Match Explorer
How It Works
Community
CoH3 Stats
Reddit
Sign in to upload your games and track your stats! →
Sign in with Steam
Match 38143077
Unlisted
Match 38143077
Overview
Messages
Build Orders
End
Selects Airborne Battlegroup
Selects Pathfinders
Pathfinder Squad
Construct Weapon Support Center
M1919 Machine Gun Team
Sniper
M1919 Machine Gun Team
Infantry Support Center
Selects Paratrooper Squad Paradrop
Paratrooper Squad Paradrop
Construct Medical Station
Construct Motor Pool
Selects Anti-tank Gun Team Paradrop
M8 Greyhound Armored Car
Engineer Squad
Anti-tank Gun Team Paradrop
Screwball
Homer Simpson's Coffin
christus99
Bighazelnut
0
0
Comments
sign in to comment!
No comments posted yet!